 Dungeon Crawl Stone Soup version 0.23.2-1-ga50397a6bc (webtiles) character file.

Game seed: 11811123182905967870

431 ParadoxBlitz the Chopper (level 7, -2/60 HPs)
             Began as a Hill Orc Fighter on May 26, 2019.
             Slain by Duvessa
             ... wielding a +0 short sword
              (4 damage)
             ... on level 4 of the Dungeon on May 28, 2019.
             The game lasted 00:59:38 (4067 turns).

ParadoxBlitz the Chopper (Hill Orc Fighter)         Turns: 4067, Time: 00:59:39

Health: -2/60      AC:  7    Str: 20    XL:     7   Next: 0%
Magic:  7/7        EV:  7    Int:  8    God:
Gold:   239        SH:  9    Dex: 11    Spells: 6/6 levels left

rFire    . . .     SeeInvis .   a - +0 war axe
rCold    . . .     Gourm    .   c - +0 shield
rNeg     . . .     Faith    .   t - +0 scale mail
rPois    +         Spirit   .   (no helmet)
rElec    .         Reflect  .   D - scarf {repulsion}
rCorr    .         Harm     .   (no gloves)
MR       .....                  (no boots)
Stlth    ..........             (no amulet)
HPRegen  0.20/turn              q - ring of poison resistance
MPRegen  0.10/turn              (no ring)

@: repel missiles
A: no striking features
a: no special abilities


You were on level 4 of the Dungeon.
You were not hungry.

You visited 1 branch of the dungeon, and saw 4 of its levels.
You also visited: Sewer.

You collected 239 gold pieces.

Inventory:

Hand Weapons
 a - a +0 war axe (weapon)
 h - a +0 dagger of electrocution
 n - a +0 hand axe
 o - a +0 hunting sling
 w - a +0 trident
 A - a +0 halberd
 B - a +0 spear
Missiles
 e - 47 bolts
 g - 26 poisoned needles
 i - 38 sling bullets
 u - 7 needles of sleeping
Armour
 c - a +0 shield (worn)
 t - a +0 scale mail (worn)
 D - a scarf of repulsion (worn)
Jewellery
 q - a ring of poison resistance (left hand)
Wands
 y - a wand of polymorph (9)
Scrolls
 j - a scroll of immolation {unknown}
 l - 3 scrolls of remove curse
 m - 2 scrolls of identify
 p - a scroll of amnesia {unknown}
 r - a scroll of noise {unknown}
 x - 2 scrolls of teleportation
Potions
 b - a potion of heal wounds {unknown}
 d - 3 potions of might
 s - a potion of brilliance {unknown}
 v - a potion of haste {unknown}
 z - 4 potions of flight
 C - a potion of invisibility {unknown}
Comestibles
 f - 4 rations
 F - 2 chunks of flesh


   Skills:
 * Level 4.9 Fighting
 * Level 7.3 Axes
 + Level 4.2 Armour
 + Level 4.5 Shields


You had 6 spell levels left.
You didn't know any spells.
Your spell library was empty.

Dungeon Overview and Level Annotations

Branches:
Dungeon (4/15)
 Temple: D:4-7

Altars:
Kikubaaqudgha
Yredelemnul

Shops:
D:4 %

Annotations:
D:4 Duvessa


Message History

You feel better. Duvessa closely misses you.
Duvessa hits you with a +0 short sword!
* * * LOW HITPOINT WARNING * * *
Duvessa hits you with a +0 short sword.
* * * LOW HITPOINT WARNING * * *
Things that are here:
a +0 dagger; a +0 robe; the elf corpse of Dowan You block Duvessa's attack.
Duvessa rages.
You are a level 7 Hill Orc Fighter.
You are 0% of the way to level 8.
Play time: 00:59:01 (4067 turns) Take off which item? (? for menu, Esc to quit)
Okay, then.
Fire/throw which item? (* to show all) (? for menu, Esc to quit)
Throwing (i - inventory)
E - a throwing net (quivered)
Press: ? - help, Shift-Dir - straight line, f - Duvessa
Aim: Duvessa, wielding a +0 short sword and wearing a cursed +0 scale mail (heavily wounded, berserk, fast, unusually strong)
You throw a throwing net. The throwing net barely misses Duvessa.
Duvessa hits you with a +0 short sword.
You die...

.##......###...#
...#......#...###
#......#........#
##....##........#
.#..####....#...###
...## #.......).(.#
...####.....#.#...#
........##.#####e.#
.##......#.# #@.#
####..#....# #....#
###..##...............
.##......#..<.##.......#
......#..##..#........##
......###.#..# .....#..#
.....## ..... ..#.##...
.....# .# #.##.. .#
.....#


You could see Duvessa (berserk).

Vanquished Creatures
  Dowan (D:4)
  A hound (D:4)
  A merfolk siren (Sewer)
  A merfolk avatar (Sewer)
  2 howler monkey skeletons (D:4)
  7 adders
  5 gnolls (D:3)
  3 river rats (Sewer)
  4 oozes
  3 worms
  3 dart slugs
  2 leopard geckos (Sewer)
  5 orcs (D:3)
  9 ball pythons
  3 giant cockroaches
  5 hobgoblins
  2 jackals (D:2)
  5 quokkas
  11 bats
  9 frilled lizards
  10 goblins
  9 kobolds
  34 rats
  A plant (D:3)
  A withered plant (D:2)
137 creatures vanquished.

Vanquished Creatures (others)
  A plant (D:3)
1 creature vanquished.

Grand Total: 138 creatures vanquished

Notes
Turn   | Place    | Note
-------+----------+-------------------------------------------
     0 | D:1      | ParadoxBlitz the Hill Orc Fighter began the quest for the
                  | Orb.
     0 | D:1      | Reached XP level 1. HP: 19/19 MP: 1/1
   261 | D:1      | Reached XP level 2. HP: 24/27 MP: 2/2
   757 | D:1      | Reached skill level 3 in Axes
  1187 | D:2      | Found an ancient bone altar of Kikubaaqudgha.
  1211 | D:2      | Reached XP level 3. HP: 26/33 MP: 3/3
  1760 | D:2      | Reached XP level 4. HP: 40/40 MP: 4/4
  2152 | D:2      | Reached skill level 4 in Axes
  2516 | D:3      | Reached XP level 5. HP: 47/47 MP: 5/5
  2544 | D:3      | Found a glowing drain.
  2553 | Sewer    | Entered a sewer
  2618 | Sewer    | Reached skill level 5 in Axes
  2799 | Sewer    | Noticed a malarious merfolk avatar
  2841 | Sewer    | Killed a malarious merfolk avatar
  2841 | Sewer    | Reached skill level 6 in Axes
  2841 | Sewer    | Reached XP level 6. HP: 13/53 MP: 6/6
  3567 | D:3      | Found a basalt altar of Yredelemnul.
  3924 | D:4      | Found Xuneto's Food Shop.
  3952 | D:4      | Reached skill level 7 in Axes
  4032 | D:4      | Noticed Duvessa
  4032 | D:4      | Noticed Dowan
  4055 | D:4      | Killed Dowan
  4055 | D:4      | Reached XP level 7. HP: 37/60 MP: 7/7
  4061 | D:4      | HP: 2/60 [Duvessa/+0 short sword (6)]
  4067 | D:4      | Slain by Duvessa

Skill      XL: |  1  2  3  4  5  6 |
---------------+-------------------+-----
Fighting       | 4 |  4.9
Axes           | 3 4 6 7 |  7.3
Shields        | 4 |  4.5
Armour         | 4 |  4.2

Action                   |  1- 3 |  4- 6 |  7- 9 || total
-------------------------+-------+-------+-------++-------
Melee: War axe           |   109 |   354 |     6 ||   469
       Club              |    14 |       |       ||    14
Throw: Throwing net      |       |       |     1 ||     1
  Use: Scroll            |       |     4 |       ||     4
       Potion            |       |     1 |     1 ||     2
  Eat: Chunk             |     3 |     5 |       ||     8
       Ration            |       |     1 |       ||     1
Armor: Scale mail        |    58 |   132 |     1 ||   191
Dodge: Dodged            |    26 |    96 |     3 ||   125
       Deflected         |       |     1 |       ||     1
Block: Shield            |    52 |   180 |     5 ||   237
